 Dungeon Crawl Stone Soup version 0.18.1-48-g4cf74bf (webtiles) character file.

57 Alarkh the Poker (level 3, -3/27 HPs)
             Began as a Mummy Skald on July 31, 2016.
             Killed from afar by Natasha (6 damage)
             ... with a magic dart
             ... on level 2 of the Dungeon.
             The game lasted 00:01:03 (881 turns).

Alarkh the Poker (Mummy Skald)                       Turns: 881, Time: 00:01:04

Health: -3/27      AC:  3    Str: 15    XL:     3   Next: 73%
Magic:  0/6        EV: 11    Int: 12    God:
Gold:   83         SH:  0    Dex: 11    Spells: 1 memorised, 5 levels left

rFire  x . .     SeeInvis .     a - +0 spear
rCold  + . .     Gourm    .     b - +0 leather armour
rNeg   + + +     Faith    .     (no shield)
rPois  ∞         Spirit   .     (no helmet)
rElec  .         Dismiss  .     (no cloak)
rCorr  .         Reflect  .     (no gloves)
SustAt .         Harm     .     (no boots)
MR     .....                    (no amulet)
Stlth  +.........               (no ring)
                                (no ring)

@: not resistant to hostile enchantments, very unstealthy
A: no food or potions, fire vulnerability, cold resistance 1, negative energy
resistance 3, torment resistance, unbreathing
a: no special abilities


You were on level 2 of the Dungeon.
You were not hungry.

You visited 1 branch of the dungeon, and saw 2 of its levels.

You collected 83 gold pieces.

Inventory:

Hand Weapons
 a - a +0 spear (weapon)
Armour
 b - a +0 leather armour (worn)
Scrolls
 d - a scroll of recharging {unknown}
 e - a scroll of blinking {unknown}
 f - a scroll of remove curse {unknown}
 g - a scroll of identify {unknown}
Books
 c - a book of Battle

   Spells                             Type                      Level
   a - Infusion                       Charms                       1
   b - Shroud of Golubria             Charms/Translocation         2
   c - Song of Slaying                Charms                       2
   d - Spectral Weapon                Hexes/Charms                 3
   e - Regeneration                   Charms/Necromancy            3


   Skills:
 - Level 2.0 Fighting
 + Level 3.4 Polearms
 - Level 0.7 Armour
 - Level 0.7 Dodging
 - Level 2.0 Spellcasting
 - Level 2.4 Charms


You had 5 spell levels left.
You knew the following spells:

 Your Spells              Type           Power        Failure   Level  Hunger
a - Infusion              Chrm           #...         14%         1    N/A

Dungeon Overview and Level Annotations

Branches:
Dungeon (2/15)

Altars:
Vehumet

Annotations:
D:2 Natasha


Innate Abilities, Weirdness & Mutations

You do not eat or drink.
Your flesh is vulnerable to fire.
You are immune to poison.
Your flesh is cold resistant.
You are immune to negative energy.
You are immune to unholy pain and torment.
You can survive without breathing.


Message History

You hit Natasha but do no damage.
Natasha is moderately wounded.
Natasha casts a spell at you. The magic dart hits you!
You barely miss Natasha.
Natasha is moderately wounded.
Natasha claws you but does no damage.
You barely miss Natasha.
Natasha is moderately wounded.
Natasha claws you!
* * * LOW HITPOINT WARNING * * *
You hit Natasha.
Natasha is severely wounded.
The crimson imp blinks!
Natasha drinks a potion.
Natasha is healed!
Read which item? (? for menu, Esc to quit)
Okay, then.
You are no longer magically infusing your attacks.
Natasha casts a spell at you. The magic dart hits you!
You die...

.#)# #.# .#.# ###.###
[#(## #.....# ..(.##
#5###.# .##..#
#5#(#.## .###.#
#.###(###..# .###.#
#.....h....#
.....#####....§#.##.#
####.....#.....#@...#
# #.###.#.....#.####
# ##.###.#.....#.#
###...##.#†....#.#
...._......5...#.#
.##...###........#
%###.## #.##..##.# .#
#.# #..#...#.# .. ..#
##..#+#.#.#


You could see an iron imp, Natasha and a white imp.

Vanquished Creatures
  2 adders
  An ooze (D:1)
  2 dart slugs (D:1)
  A giant gecko (D:1)
  3 ball pythons (D:1)
  5 goblins
  3 hobgoblins
  2 jackals (D:2)
  2 kobolds
  3 bats
  2 giant newts (D:1)
  4 rats
30 creatures vanquished.

Notes
Turn   | Place    | Note
--------------------------------------------------------------
     0 | D:1      | Alarkh the Mummy Skald began the quest for the Orb.
     0 | D:1      | Reached XP level 1. HP: 16/16 MP: 3/3
   100 | D:1      | Reached skill level 2 in Polearms
   249 | D:1      | Reached XP level 2. HP: 22/22 MP: 3/5
   653 | D:1      | Reached skill level 3 in Polearms
   653 | D:1      | Reached XP level 3. HP: 20/27 MP: 1/6
   772 | D:2      | Found a radiant altar of Vehumet.
   857 | D:2      | Noticed Natasha
   881 | D:2      | Killed from afar by Natasha

Skill      XL: |  1  2 |
---------------+-------+-----
Polearms       | 2 3 |  3.4
Fighting       | |  2.0
Armour         | |  0.7
Dodging        | |  0.7
Spellcasting   | |  2.0
Charms         | |  2.4

Action                   || total
-------------------------++-------
Melee: Spear             ||    84
 Cast: Infusion          ||    13
Armor: Leather armour    ||    24
Dodge: Dodged            ||    25
